 Dungeon Crawl Stone Soup version 0.21.1-1-g345015f (webtiles) character file.

6442 tidbits the Martial Artist (level 10, -2/91 HPs)
             Began as a Gnoll Transmuter on June 21, 2018.
             Was a Priest of Cheibriados.
             Slain by an orc warrior
             ... wielding a +0 halberd
              (11 damage)
             ... on level 1 of the Orcish Mines.
             The game lasted 00:26:35 (1985 turns).

tidbits the Martial Artist (Gnoll Transmuter)       Turns: 1985, Time: 00:26:35

Health: -2/91      AC:  7    Str: 25    XL:     10   Next: 99%
Magic:  14/21      EV: 17    Int: 27    God:    Cheibriados [***...]
Gold:   352        SH:  0    Dex: 26    Spells: 2/24 levels left

rFire    x . .     SeeInvis .     - Unarmed
rCold    + + +     Gourm    .   (shield currently unavailable)
rNeg     . . .     Faith    .   (armour currently unavailable)
rPois    +         Spirit   .   (helmet currently unavailable)
rElec    .         Reflect  .   (cloak currently unavailable)
rCorr    .         Harm     .   (gloves currently unavailable)
MR       .....                  (boots currently unavailable)
Stlth    ++++......             (no amulet)
HPRegen  0.25/turn              (no ring)
MPRegen  0.17/turn              (no ring)

@: mighty, ice-form, very slow
A: large, distributed training, thin skeletal structure 1, sense surroundings 1,
subdued magic 1, strong nose
a: End Transformation, Bend Time, Temporal Distortion, Renounce Religion


You were on level 1 of the Orcish Mines.
You worshipped Cheibriados.
Cheibriados was most pleased with you.
You were not hungry.
You were a creature of crystalline ice.
You visited 3 branches of the dungeon, and saw 12 of its levels.

You collected 352 gold pieces.

Inventory:

Hand Weapons
 a - a +2 short sword of electrocution (melded)
   (You took it off a kobold on level 2 of the Dungeon)
 h - a +0 dagger
 i - a cursed +0 trident
 j - a +0 war axe
 o - a +4 flail of protection
   (You took it off an orc on level 4 of the Dungeon)
 s - a +2 short sword of flaming
   (You found it on level 5 of the Dungeon)
 x - a cursed -1 hand axe
 C - a +2 dagger of freezing
   (You took it off an orc wizard on level 9 of the Dungeon)
 H - a +0 bardiche
Missiles
 l - 2 poisoned javelins (quivered)
 q - 9 arrows
 v - 5 javelins
 F - 2 tomahawks
Armour
 b - a +0 robe (melded)
 f - a +1 pair of boots (melded)
 p - a +0 ring mail
 D - the +1 buckler of the Tired Suns (melded) {rF+}
   (You found it on level 9 of the Dungeon)

   It protects you from fire.
 E - a +0 helmet (melded)
 G - a +0 pair of gloves (melded)
Wands
 k - a wand of flame (13)
Scrolls
 e - a scroll of enchant weapon {unknown}
 g - a scroll of fog {unknown}
 m - 2 scrolls of teleportation
 n - a scroll of immolation
 r - a scroll of enchant armour
 t - 2 scrolls of remove curse
 w - a scroll of fear
 A - a scroll of random uselessness
Potions
 z - a potion of flight
Books
 c - a book of Changes

   Spells                             Type                      Level
   a - Beastly Appendage              Transmutation                1
   b - Sticks to Snakes               Transmutation                2
   c - Spider Form                    Transmutation/Poison         3
   d - Ice Form                       Ice/Transmutation            4
   e - Blade Hands                    Transmutation                5
 u - a book of Geomancy
   (You found it on level 7 of the Dungeon)

   Spells                             Type                      Level
   a - Sandblast                      Earth                        1
   b - Passwall                       Transmutation/Earth          2
   c - Stone Arrow                    Conjuration/Earth            3
   d - Petrify                        Transmutation/Earth          4
   e - Lee's Rapid Deconstruction     Earth                        5
Comestibles
 d - 10 rations


   Skills:
 + Level 6.3 Fighting
 + Level 5.7 Short Blades
 + Level 5.7 Long Blades
 + Level 5.7 Axes
 + Level 5.7 Maces & Flails
 + Level 5.7 Polearms
 + Level 5.7 Staves
 + Level 5.7 Slings
 + Level 5.7 Bows
 + Level 5.7 Crossbows
 + Level 5.7 Throwing
 + Level 5.7 Armour
 + Level 7.4 Dodging
 + Level 5.7 Stealth
 + Level 5.7 Shields
 + Level 8.8 Unarmed Combat
 + Level 7.6 Spellcasting
 + Level 4.7 Conjurations
 + Level 4.7 Hexes
 + Level 4.7 Charms
 + Level 4.7 Summonings
 + Level 4.7 Necromancy
 + Level 4.7 Translocations
 + Level 6.1 Transmutations
 + Level 4.7 Fire Magic
 + Level 4.7 Ice Magic
 + Level 4.7 Air Magic
 + Level 4.7 Earth Magic
 + Level 4.7 Poison Magic
 + Level 6.2 Invocations
 + Level 5.7 Evocations


You had 2 spell levels left.
You knew the following spells:

 Your Spells              Type           Power        Failure   Level  Hunger
e - Beastly Appendage     Tmut           ####..       1%          1    None
h - Blade Hands           Tmut           ####......   10%         5    ####...
i - Ice Form              Ice/Tmut       ####....     4%          4    ##.....
k - Sticks to Snakes      Tmut           ####....     1%          2    None
p - Passwall              Tmut/Erth      ####......   1%          2    None
D - Lee's Rapid Deconstr  Erth           ####......   19%         5    ####...
P - Spider Form           Tmut/Pois      ####......   1%          3    None


Dungeon Overview and Level Annotations

Branches:
Dungeon (10/15)            Temple (1/1) D:5             Orc (1/2) D:10
   Lair: D:8-11

Altars:
Ashenzari
Cheibriados
Hepliaklqana
Makhleb
Okawaru
Ru
Sif Muna
Trog
Uskayaw
Vehumet
Yredelemnul

Portals:
Ice
Cave: Orc:1


Innate Abilities, Weirdness & Mutations

Your experience applies equally to all skills.
((You have very sharp teeth.))
Your uncanny sense of smell can sniff out nearby items.
You have a somewhat thin skeletal structure. (Dex +2, Stealth)
You passively map a small area around you.
Your spells are a little easier to cast, but a little less powerful.


Message History

You kill the orc!
Cheibriados thoroughly appreciates the change of pace.
You pummel the ice beast!!
The ice beast is almost dead.
The ice beast closely misses you.
You hit the ice beast.
The ice beast is almost dead.
You hear the crackling of a melting archway nearby.
The ice beast hits you but does no damage.
Unknown command.
You pummel the ice beast!!
You kill the ice beast!
Cheibriados thoroughly appreciates the change of pace.
Cheibriados raises the support of your attributes as your movement slows.
You completely miss the orc. The orc barely misses you.
You pummel the orc!! You freeze the orc.
You kill the orc!
Cheibriados thoroughly appreciates the change of pace. 2 orc wizards come into view.
The orc wizard shouts!
You hear a shout! x2
The orc wizard gestures wildly while chanting.
The orc wizard blinks!
An orc warrior and a troll come into view.
Items here: ( )) [ ††
Okay, then.
The orc wizard casts a spell.
The orc wizard seems to speed up.
Casting: Ice Form
Confirm with . or Enter, or press ? or * to list all spells.
You create 2 snakes!
You now have 12 arrows.
Casting: Sticks to Snakes
Confirm with . or Enter, or press ? or * to list all spells.
You create a snake!
You now have 11 arrows.
The orc wizard casts a spell at you.
Your ball python seems to slow down.
Unknown command.
You closely miss the orc wizard.
The orc wizard gestures at you while chanting.
The magic dart hits your ball python.
Your ball python dies!
Your adder bites the orc wizard but does no damage.
Your water moccasin bites the orc wizard.
The orc wizard barely misses you.
You closely miss the orc wizard.
The orc wizard is moderately wounded.
Your adder closely misses the orc wizard.
Your water moccasin bites the orc wizard.
The orc wizard barely misses you.
You pummel the orc wizard!! You freeze the orc wizard.
You kill the orc wizard!
Cheibriados thoroughly appreciates the change of pace.
Your adder bites the troll.
The troll bites your adder!!
Your adder dies!
Your water moccasin barely misses the orc wizard.
An orc warrior comes into view. It is wielding a halberd.
You punch the orc wizard! You freeze the orc wizard.
You kill the orc wizard!
Cheibriados thoroughly appreciates the change of pace.
The troll completely misses your water moccasin.
The troll claws your water moccasin. The troll claws your water moccasin!
The orc warrior moves out of view.
Your water moccasin closely misses the troll.
The orc warrior throws a tomahawk.
The tomahawk hits your water moccasin!
Your water moccasin dies!
Casting: Sticks to Snakes
Confirm with . or Enter, or press ? or * to list all spells.
You create 2 snakes!
You now have 9 arrows.
The orc wizard shouts!
Unknown command.
You barely miss the troll. The troll barely misses you. The troll claws you!
* * * LOW HITPOINT WARNING * * *
The troll completely misses you.
Your adder bites the troll.
An orc comes into view. It is wielding a club.
It was a potion of might.
You feel very mighty all of a sudden.
The orc warrior barely misses your adder.
The orc warrior closely misses you.
Your adder barely misses the troll.
The troll closely misses you. x2; The troll claws you.
* * * LOW HITPOINT WARNING * * *
Unknown command.
You pummel the troll!! You freeze the troll.
The troll is heavily wounded.
Your adder barely misses the troll.
The orc warrior hits your adder with a hand axe!
The orc warrior closely misses you. The troll bites you.
* * * LOW HITPOINT WARNING * * *
The troll barely misses you. The troll completely misses you.
Your ball python barely misses the troll.
You barely miss the troll.
The troll is heavily wounded.
Your adder barely misses the troll.
The orc warrior hits your adder with a hand axe.
Your adder dies!
Your ball python bites the troll.
The troll completely misses you. The troll closely misses you. x2
You pummel the troll!! You freeze the troll.
You kill the troll!
Cheibriados appreciates the change of pace.
The orc warrior hits you from afar with a halberd!
You die...

#.........##.$.....
##.........#.......
####.....#............∆
#......###..........##.
#.....## #.........o...
#.....####....ooo......
*
#........#..oo..§To..∩.
* ###
###........))#>...o....
#.#
###......SY##.#..Yo.
#.##
#........####.....,
...# ###......## * ,..
...#####.........## ,
......##..........## ,
* ......#............#
...........###....####
##........# #.....#..##
##........####........#


You could see 2 orc warriors, an orc wizard and a friendly ball python.

Vanquished Creatures
  Snorg (Orc:1)
  The ghost of tidbits the Charmwright, a novice GnSk of Cheibriados (D:9)
  A cyclops (Orc:1)
  3 trolls
  A wraith (D:6)
  4 yaks (D:9)
  The ghost of tidbits the Charmwright, an amateur GnSk (D:4)
  2 wargs (D:10)
  A black bear (D:7)
  2 sky beasts
  8 ice beasts
  2 orc warriors
  6 ogres
  3 centaurs
  2 bullfrogs (D:6)
  A scorpion (D:5)
  6 killer bees (D:8)
  A howler monkey (D:9)
  3 bullfrog zombies
  2 crimson imps
  A hound (D:6)
  5 orc priests
  6 orc wizards
  Natasha (twice) (D:4)
  5 worker ants
  2 hound skeletons (D:7)
  5 adders
  An adder skeleton (D:3)
  A worm (D:2)
  5 leopard geckos
  13 orcs
  A giant cockroach (D:3)
  14 goblins
  3 hobgoblins
  4 kobolds
  2 quokkas
  A frilled lizard (D:2)
  2 quokka skeletons
  2 rats
126 creatures vanquished.

Vanquished Creatures (collateral kills)
  An orc priest (D:4)
  An adder (D:3)
  2 orcs
4 creatures vanquished.

Grand Total: 130 creatures vanquished

Notes
Turn   | Place    | Note
-------+----------+-------------------------------------------
     0 | D:1      | tidbits the Gnoll Transmuter began the quest for the Orb.
     0 | D:1      | Reached XP level 1. HP: 17/17 MP: 6/6
    74 | D:2      | Reached XP level 2. HP: 22/23 MP: 5/7
    81 | D:2      | Learned a level 2 spell: Sticks to Snakes
   172 | D:3      | Reached XP level 3. HP: 28/28 MP: 5/9
   177 | D:3      | Learned a level 3 spell: Spider Form
   192 | D:4      | Reached skill level 5 in Spellcasting
   223 | D:4      | Reached skill level 1 in Invocations
   227 | D:4      | Reached skill level 1 in Short Blades
   227 | D:4      | Reached skill level 1 in Long Blades
   227 | D:4      | Reached skill level 1 in Axes
   227 | D:4      | Reached skill level 1 in Maces & Flails
   227 | D:4      | Reached skill level 1 in Polearms
   227 | D:4      | Reached skill level 1 in Staves
   227 | D:4      | Reached skill level 1 in Slings
   227 | D:4      | Reached skill level 1 in Bows
   227 | D:4      | Reached skill level 1 in Crossbows
   227 | D:4      | Reached skill level 1 in Throwing
   227 | D:4      | Reached skill level 1 in Armour
   227 | D:4      | Reached skill level 1 in Stealth
   227 | D:4      | Reached skill level 1 in Shields
   227 | D:4      | Reached skill level 1 in Evocations
   227 | D:4      | Reached XP level 4. HP: 28/34 MP: 4/11
   232 | D:4      | Reached skill level 1 in Conjurations
   232 | D:4      | Reached skill level 1 in Hexes
   232 | D:4      | Reached skill level 1 in Charms
   232 | D:4      | Reached skill level 1 in Summonings
   232 | D:4      | Reached skill level 1 in Necromancy
   232 | D:4      | Reached skill level 1 in Translocations
   232 | D:4      | Reached skill level 1 in Fire Magic
   232 | D:4      | Reached skill level 1 in Ice Magic
   232 | D:4      | Reached skill level 1 in Air Magic
   232 | D:4      | Reached skill level 1 in Earth Magic
   232 | D:4      | Reached skill level 1 in Poison Magic
   262 | D:4      | Noticed an ogre
   265 | D:4      | Noticed tidbits's ghost (amateur GnSk)
   267 | D:4      | Killed an ogre
   267 | D:4      | Reached skill level 3 in Fighting
   267 | D:4      | Reached skill level 4 in Transmutations
   267 | D:4      | Reached XP level 5. HP: 35/41 MP: 7/12
   392 | D:3      | Gained mutation: Scrolls take you a little longer to read. [potion of mutation]
   392 | D:3      | Gained mutation: You expend magic power (3 MP) to strengthen your wands. [potion of mutation]
   392 | D:3      | Gained mutation: You have a somewhat thin skeletal structure. (Dex +2, Stealth) [potion of mutation]
   428 | D:4      | Noticed Natasha
   434 | D:4      | Killed tidbits's ghost
   434 | D:4      | Reached skill level 5 in Dodging
   434 | D:4      | Reached skill level 2 in Invocations
   434 | D:4      | Reached XP level 6. HP: 27/47 MP: 12/14
   438 | D:4      | Killed Natasha
   438 | D:4      | Reached skill level 2 in Short Blades
   438 | D:4      | Reached skill level 2 in Long Blades
   438 | D:4      | Reached skill level 2 in Axes
   438 | D:4      | Reached skill level 2 in Maces & Flails
   438 | D:4      | Reached skill level 2 in Polearms
   438 | D:4      | Reached skill level 2 in Staves
   438 | D:4      | Reached skill level 2 in Slings
   438 | D:4      | Reached skill level 2 in Bows
   438 | D:4      | Reached skill level 2 in Crossbows
   438 | D:4      | Reached skill level 2 in Throwing
   438 | D:4      | Reached skill level 2 in Armour
   438 | D:4      | Reached skill level 2 in Stealth
   438 | D:4      | Reached skill level 2 in Shields
   438 | D:4      | Reached skill level 2 in Evocations
   510 | D:4      | Noticed Natasha
   519 | D:4      | Killed Natasha
   543 | D:5      | Entered Level 5 of the Dungeon
   583 | D:5      | Reached XP level 7. HP: 19/52 MP: 11/15
   656 | D:5      | Found a bloodstained altar of Trog.
   685 | D:5      | Reached skill level 7 in Unarmed Combat
   691 | D:5      | Found a staircase to the Ecumenical Temple.
   701 | Temple   | Entered the Ecumenical Temple
   706 | Temple   | Became a worshipper of Cheibriados the Contemplative
   778 | D:6      | Reached skill level 2 in Conjurations
   778 | D:6      | Reached skill level 2 in Hexes
   778 | D:6      | Reached skill level 2 in Charms
   778 | D:6      | Reached skill level 2 in Summonings
   778 | D:6      | Reached skill level 2 in Necromancy
   778 | D:6      | Reached skill level 2 in Translocations
   778 | D:6      | Reached skill level 2 in Fire Magic
   778 | D:6      | Reached skill level 2 in Ice Magic
   778 | D:6      | Reached skill level 2 in Air Magic
   778 | D:6      | Reached skill level 2 in Earth Magic
   778 | D:6      | Reached skill level 2 in Poison Magic
   787 | D:6      | Learned a level 4 spell: Ice Form
   801 | D:6      | Found a bloodstained altar of Trog.
   906 | D:6      | Reached skill level 3 in Invocations
   920 | D:6      | Reached XP level 8. HP: 60/60 MP: 13/16
   974 | D:6      | Reached skill level 4 in Fighting
   974 | D:6      | Reached skill level 3 in Short Blades
   974 | D:6      | Reached skill level 3 in Long Blades
   974 | D:6      | Reached skill level 3 in Axes
   974 | D:6      | Reached skill level 3 in Maces & Flails
   974 | D:6      | Reached skill level 3 in Polearms
   974 | D:6      | Reached skill level 3 in Staves
   974 | D:6      | Reached skill level 3 in Slings
   974 | D:6      | Reached skill level 3 in Bows
   974 | D:6      | Reached skill level 3 in Crossbows
   974 | D:6      | Reached skill level 3 in Throwing
   974 | D:6      | Reached skill level 3 in Armour
   974 | D:6      | Reached skill level 3 in Stealth
   974 | D:6      | Reached skill level 3 in Shields
   974 | D:6      | Reached skill level 3 in Evocations
   982 | D:6      | Reached skill level 6 in Spellcasting
  1042 | D:6      | Reached * piety under Cheibriados
  1095 | D:6      | Noticed a wraith
  1101 | D:6      | Killed a wraith
  1146 | D:6      | Reached skill level 3 in Conjurations
  1146 | D:6      | Reached skill level 3 in Hexes
  1146 | D:6      | Reached skill level 3 in Charms
  1146 | D:6      | Reached skill level 3 in Summonings
  1146 | D:6      | Reached skill level 3 in Necromancy
  1146 | D:6      | Reached skill level 3 in Translocations
  1146 | D:6      | Reached skill level 3 in Fire Magic
  1146 | D:6      | Reached skill level 3 in Ice Magic
  1146 | D:6      | Reached skill level 3 in Air Magic
  1146 | D:6      | Reached skill level 3 in Earth Magic
  1146 | D:6      | Reached skill level 3 in Poison Magic
  1146 | D:6      | Reached skill level 4 in Invocations
  1166 | D:6      | Lost mutation: Scrolls take you a little longer to read. [potion of mutation]
  1166 | D:6      | Lost mutation: You expend magic power (3 MP) to strengthen your wands. [potion of mutation]
  1166 | D:6      | Gained mutation: Your spells are a little easier to cast, but a little less powerful. [potion of mutation]
  1166 | D:6      | Gained mutation: You are surrounded by a mild repulsion field. (EV +2) [potion of mutation]
  1166 | D:6      | Lost mutation: You are surrounded by a mild repulsion field. (EV +2) [potion of mutation]
  1166 | D:6      | Gained mutation: You passively map a small area around you. [potion of mutation]
  1281 | D:8      | Reached XP level 9. HP: 35/66 MP: 14/18
  1289 | D:8      | Reached skill level 6 in Dodging
  1324 | D:8      | Reached skill level 5 in Transmutations
  1373 | D:7      | Reached skill level 4 in Short Blades
  1373 | D:7      | Reached skill level 4 in Long Blades
  1373 | D:7      | Reached skill level 4 in Axes
  1373 | D:7      | Reached skill level 4 in Maces & Flails
  1373 | D:7      | Reached skill level 4 in Polearms
  1373 | D:7      | Reached skill level 4 in Staves
  1373 | D:7      | Reached skill level 4 in Slings
  1373 | D:7      | Reached skill level 4 in Bows
  1373 | D:7      | Reached skill level 4 in Crossbows
  1373 | D:7      | Reached skill level 4 in Throwing
  1373 | D:7      | Reached skill level 4 in Armour
  1373 | D:7      | Reached skill level 4 in Stealth
  1373 | D:7      | Reached skill level 4 in Shields
  1373 | D:7      | Reached skill level 4 in Evocations
  1376 | D:7      | HP: 6/67 [poisoned by a killer bee]
  1380 | D:7      | Learned a level 2 spell: Passwall
  1384 | D:7      | HP: 6/67 [poisoned by a killer bee]
  1418 | D:9      | Got a faintly glowing buckler
  1425 | D:9      | Identified the +1 buckler of the Tired Suns {rF+} (You found it on level 9 of the Dungeon)
  1432 | D:10     | Entered Level 10 of the Dungeon
  1438 | D:10     | Reached ** piety under Cheibriados
  1505 | D:9      | Found a flagged portal.
  1586 | D:9      | Learned a level 5 spell: Blade Hands
  1610 | D:8      | Reached skill level 5 in Fighting
  1685 | D:9      | Noticed tidbits's ghost (novice GnSk)
  1690 | D:9      | Reached skill level 8 in Unarmed Combat
  1696 | D:9      | Reached skill level 5 in Invocations
  1705 | D:9      | Killed tidbits's ghost
  1705 | D:9      | Reached skill level 7 in Spellcasting
  1705 | D:9      | Reached skill level 4 in Conjurations
  1705 | D:9      | Reached skill level 4 in Hexes
  1705 | D:9      | Reached skill level 4 in Charms
  1705 | D:9      | Reached skill level 4 in Summonings
  1705 | D:9      | Reached skill level 4 in Necromancy
  1705 | D:9      | Reached skill level 4 in Translocations
  1705 | D:9      | Reached skill level 4 in Fire Magic
  1705 | D:9      | Reached skill level 4 in Ice Magic
  1705 | D:9      | Reached skill level 4 in Air Magic
  1705 | D:9      | Reached skill level 4 in Earth Magic
  1705 | D:9      | Reached skill level 4 in Poison Magic
  1705 | D:9      | Reached XP level 10. HP: 57/74 MP: 12/20
  1783 | D:10     | Reached skill level 5 in Short Blades
  1783 | D:10     | Reached skill level 5 in Long Blades
  1783 | D:10     | Reached skill level 5 in Axes
  1783 | D:10     | Reached skill level 5 in Maces & Flails
  1783 | D:10     | Reached skill level 5 in Polearms
  1783 | D:10     | Reached skill level 5 in Staves
  1783 | D:10     | Reached skill level 5 in Slings
  1783 | D:10     | Reached skill level 5 in Bows
  1783 | D:10     | Reached skill level 5 in Crossbows
  1783 | D:10     | Reached skill level 5 in Throwing
  1783 | D:10     | Reached skill level 5 in Armour
  1783 | D:10     | Reached skill level 5 in Stealth
  1783 | D:10     | Reached skill level 5 in Shields
  1783 | D:10     | Reached skill level 5 in Evocations
  1796 | D:10     | Found a staircase to the Orcish Mines.
  1814 | D:10     | Learned a level 5 spell: Lee's Rapid Deconstruction
  1815 | Orc:1    | Entered Level 1 of the Orcish Mines
  1815 | Orc:1    | Noticed Snorg
  1819 | Orc:1    | Killed Snorg
  1819 | Orc:1    | Reached skill level 7 in Dodging
  1846 | Orc:1    | Reached *** piety under Cheibriados
  1851 | Orc:1    | Noticed a cyclops
  1860 | Orc:1    | Reached skill level 6 in Fighting
  1875 | Orc:1    | Killed a cyclops
  1922 | Orc:1    | Found a frozen archway.
  1929 | Orc:1    | Reached skill level 6 in Transmutations
  1929 | Orc:1    | Reached skill level 6 in Invocations
  1983 | Orc:1    | HP: 8/91 [troll (6)]
  1985 | Orc:1    | Slain by an orc warrior

Skill      XL: |  1  2  3  4  5  6  7  8  9 10 |
---------------+-------------------------------+-----
Spellcasting   | 5 6 7 |  7.6
Invocations    | 1 2 3 4 5 6 |  6.2
Short Blades   | 1 2 3 4 5 |  5.7
Long Blades    | 1 2 3 4 5 |  5.7
Axes           | 1 2 3 4 5 |  5.7
Maces & Flails | 1 2 3 4 5 |  5.7
Polearms       | 1 2 3 4 5 |  5.7
Staves         | 1 2 3 4 5 |  5.7
Slings         | 1 2 3 4 5 |  5.7
Bows           | 1 2 3 4 5 |  5.7
Crossbows      | 1 2 3 4 5 |  5.7
Throwing       | 1 2 3 4 5 |  5.7
Armour         | 1 2 3 4 5 |  5.7
Stealth        | 1 2 3 4 5 |  5.7
Shields        | 1 2 3 4 5 |  5.7
Evocations     | 1 2 3 4 5 |  5.7
Conjurations   | 1 2 3 4 |  4.7
Hexes          | 1 2 3 4 |  4.7
Charms         | 1 2 3 4 |  4.7
Summonings     | 1 2 3 4 |  4.7
Necromancy     | 1 2 3 4 |  4.7
Translocations | 1 2 3 4 |  4.7
Fire Magic     | 1 2 3 4 |  4.7
Ice Magic      | 1 2 3 4 |  4.7
Air Magic      | 1 2 3 4 |  4.7
Earth Magic    | 1 2 3 4 |  4.7
Poison Magic   | 1 2 3 4 |  4.7
Fighting       | 3 4 5 6 |  6.3
Transmutations | 4 5 6 |  6.1
Dodging        | 5 6 7 |  7.4
Unarmed Combat | 7 8 |  8.8

Action                   |  1- 3 |  4- 6 |  7- 9 | 10-12 || total
-------------------------+-------+-------+-------+-------++-------
Melee: Unarmed           |    22 |    17 |   132 |    54 ||   225
       Headbutt          |     5 |     4 |     4 |       ||    13
       Punch             |     2 |       |     3 |       ||     5
       Bite              |     1 |     3 |     3 |       ||     7
       Short sword       |    17 |    35 |    36 |     1 ||    89
Throw: Javelin           |       |     4 |       |     7 ||    11
 Cast: Beastly Appendage |     6 |     7 |     7 |       ||    20
       Sticks to Snakes  |     5 |     4 |    15 |     5 ||    29
       Spider Form       |     1 |     2 |     4 |       ||     7
       Ice Form          |       |       |    10 |     4 ||    14
       Blade Hands       |       |       |     1 |     1 ||     2
Invok: Bend Time         |       |       |     1 |       ||     1
 Abil: End Transformatio |       |       |     1 |     3 ||     4
Evoke: Wand              |       |       |     5 |    14 ||    19
  Use: Potion            |       |     2 |     3 |     1 ||     6
       Scroll            |       |       |     6 |     1 ||     7
 Stab: Sleeping          |     1 |     2 |     6 |       ||     9
       Distracted        |     1 |       |       |       ||     1
       Invisible         |       |     1 |       |       ||     1
  Eat: Ration            |       |       |     1 |       ||     1
       Chunk             |       |       |     1 |     1 ||     2
Armor: Robe              |     3 |     3 |     3 |       ||     9
       Skin              |       |       |    32 |     6 ||    38
Dodge: Dodged            |    22 |    21 |   133 |    61 ||   237
Block: Buckler           |       |       |       |     5 ||     5

Table legend:
 A = Turns spent in this place as a percentage of turns spent in the entire game.
 B = Non-inter-level travel turns spent in this place as a percentage of non-inter-level travel turns spent in the entire game.
 C = Inter-level travel turns spent in this place as a percentage of turns spent in this place.
 D = Turns resting spent in this place as a percentage of non-inter-level travel turns spent in this place.
 E = Turns spent auto-exploring this place as a percentage of non-inter-level travel turns spent in this place.
 F = Non-inter-level travel turns spent in this place divided by the number of levels of this place that you've seen.
                   A       B       C       D       E      F
               +-------+-------+-------+-------+-------+----------------------
         Total | 100.0 | 100.0 |   0.0 |   0.0 |   0.0 | 165.4
       Dungeon |  90.9 |  90.9 |   0.0 |   0.0 |   0.0 | 180.4
        Temple |   0.6 |   0.6 |   0.0 |   0.0 |   0.0 |  11.0
  Orcish Mines |   8.6 |   8.6 |   0.0 |   0.0 |   0.0 | 170.0
               +-------+-------+-------+-------+-------+----------------------

Table legend:
 A = Kills in this place as a percentage of kills in entire the game.
 B = Kills by you in this place as a percentage of kills by you in the entire game.
 C = Kills by friends in this place as a percentage of kills by friends in the entire game.
 D = Other kills in this place as a percentage of other kills in the entire game.
 E = Experience gained in this place as a percentage of experience gained in the entire game.
 F = Experience gained in this place divided by the number of levels of this place that you have seen.
                   A       B       C       D       E      F
               +-------+-------+-------+-------+-------+----------------------
         Total | 100.0 | 100.0 | 100.0 |   N/A | 100.0 | 766.9
       Dungeon |  85.4 |  84.9 | 100.0 |   N/A |  62.6 | 576.0
  Orcish Mines |  14.6 |  15.1 |   0.0 |   N/A |  37.4 | 3443.0
               +-------+-------+-------+-------+-------+----------------------

Vault maps used:
D:1:      co_arrival_square_in_a_square_in_a_square, serial_glass,
          glass_columns_a, glass_columns_c, minmay_door_square
D:4:      first_ration, nemelex_lonely_heart_becter, uniq_natasha,
          uniq_crazy_yiuf_cottage
D:5:      nicolae_overflow_crystal_walls, minmay_temple_entry_large_hall,
          kennysheep_boxes
D:6:      basic_altar, minmay_ogre_servants
D:7:      basic_altar, abandoned_shop, kb_lookout_dungeons_type
D:8:      erik_lair_island
D:9:      enter_bailey_3, serial_shops, nicolae_shop_stone
D:10:     erik_rubicon_a, minmay_orc_entry_guard_dogs, basic_altar
Temple:   grunt_wide_crystal_templ
Orc:1:    portal_ice_cave_entry_ice_beasts, uniq_erolcha, uniq_snorg
